 Dungeon Crawl Stone Soup version 0.18.1-6-gd335043 (webtiles) character file.

127 epen the Sneak (level 4, 0/23 HPs)
             Began as a Spriggan Assassin on May 20, 2016.
             Killed from afar by an orc wizard (7 damage)
             ... with a puff of flame
             ... on level 4 of the Dungeon.
             The game lasted 00:04:27 (2796 turns).

epen the Sneak (Spriggan Assassin)                  Turns: 2796, Time: 00:04:28

Health: 0/23       AC:  3    Str:  7    XL:     4   Next: 85%
Magic:  5/5        EV: 18    Int: 12    God:
Gold:   108        SH:  0    Dex: 18    Spells: 0 memorised, 3 levels left

rFire  . . .     SeeInvis +     b - +0 blowgun
rCold  . . .     Gourm    .     c - +0 robe
rNeg   . . .     Faith    .     (shield restricted)
rPois  .         Spirit   .     (helmet restricted)
rElec  .         Dismiss  .     d - +0 cloak
rCorr  .         Reflect  .     (gloves unavailable)
SustAt .         Harm     .     (boots unavailable)
MR     .....                    (no amulet)
Stlth  ++++......               (no ring)
                                k - ring of see invisible

@: very quick, not resistant to hostile enchantments, stealthy
A: unfitting armour, see invisible, herbivore 3, speed 3, slow metabolism 2
a: no special abilities


You were on level 4 of the Dungeon.
You were not hungry.

You visited 1 branch of the dungeon, and saw 4 of its levels.

You collected 108 gold pieces.

Inventory:

Hand Weapons
 a - a +2 dagger
 b - a +0 blowgun (weapon)
Missiles
 e - 5 poisoned needles (quivered)
 f - 2 curare-tipped needles
Armour
 c - a +0 robe (worn)
 d - a +0 cloak (worn)
Jewellery
 k - a ring of see invisible (left hand)
 l - an uncursed ring of fire
Scrolls
 h - 5 scrolls of identify {unknown}
 i - 2 scrolls of recharging {unknown}
 j - 2 scrolls of remove curse {unknown}
 s - a scroll of fear {unknown}
 t - a scroll of magic mapping {unknown}
Potions
 m - a potion of brilliance {unknown}
 n - a potion of degeneration {unknown}
 o - 3 potions of heal wounds {unknown}
 p - a potion of haste {unknown}
 q - a potion of agility {unknown}
 r - 3 potions of curing {unknown}
Comestibles
 g - 4 bread rations


   Skills:
 + Level 2.0 Fighting
 * Level 3.7 Short Blades
 + Level 2.2 Throwing
 + Level 0.8 Armour
 + Level 3.1 Dodging
 * Level 6.7 Stealth


You had 3 spell levels left.
You didn't know any spells.

Dungeon Overview and Level Annotations

Branches:
Dungeon (4/15)
 Temple: D:4-7

Altars:
Nemelex Xobeh
Okawaru
Pakellas
Trog

Annotations:
D:3 Scarto's ghost, amateur DsFi


Innate Abilities, Weirdness & Mutations

You are tiny and cannot use many weapons and most armour.
You have supernaturally acute eyesight.
You are a herbivore.
You cover ground extremely quickly.
You need consume almost no food.


Message History

Aim: an orc wizard, wielding a dagger and wearing a robe (fast)
You shoot a poisoned needle.
The poisoned needle misses the orc wizard.
Firing (i - inventory. (,) - cycle):
e - 7 poisoned needles (quivered)
Press: ? - help, Shift-Dir - straight line, f/p - orc wizard
Aim: an orc wizard, wielding a dagger and wearing a robe (fast)
You shoot a poisoned needle.
The poisoned needle hits the orc wizard.
The orc wizard is poisoned.
The orc wizard barely misses you.
Firing (i - inventory. (,) - cycle):
e - 6 poisoned needles (quivered)
Press: ? - help, Shift-Dir - straight line, f/p - orc wizard
Aim: an orc wizard, wielding a dagger and wearing a robe (lightly wounded, fast, poisoned)
You shoot a poisoned needle.
The poisoned needle closely misses the orc wizard.
The orc wizard hits you with a dagger. The orc wizard hits you with a dagger!
The orc wizard casts a spell at you. The magic dart hits you!
The orc wizard casts a spell at you. The puff of flame hits you!
You die...

### #.#
#.#############
####.............#
......##########.#
........# #.#
###.###.## #.#
....# ...# #.#
##..##...# #@#
##......... #.#
........... #.#
##......... #.#
##..##...#. #o#
.<.......# #o#
##......... #.#
#.#######.
#...o...# #.#
#o..(...#


You could see an orc wizard and 2 orcs.

Vanquished Creatures
  5 adders (D:2)
  2 oozes (D:1)
  A worm (D:2)
  An orc (D:3)
  2 ball pythons
  2 giant cockroaches
  9 goblins
  10 hobgoblins
  4 jackals (D:2)
  2 quokkas
  9 bats
  3 giant newts
  8 kobolds
  10 rats
68 creatures vanquished.

Notes
Turn   | Place    | Note
--------------------------------------------------------------
     0 | D:1      | epen the Spriggan Assassin began the quest for the Orb.
     0 | D:1      | Reached XP level 1. HP: 10/10 MP: 2/2
   236 | D:1      | Reached XP level 2. HP: 15/15 MP: 3/3
   238 | D:1      | Reached skill level 6 in Stealth
   524 | D:1      | Reached XP level 3. HP: 12/18 MP: 4/4
  1343 | D:2      | Found an oddly glowing altar of Pakellas.
  1344 | D:2      | Found an iron altar of Okawaru.
  1344 | D:2      | Found a sparkling altar of Nemelex Xobeh.
  1346 | D:2      | Reached XP level 4. HP: 23/23 MP: 5/5
  1906 | D:2      | Noticed a moth of wrath
  1908 | D:2      | Found a bloodstained altar of Trog.
  2524 | D:3      | Noticed Scarto's ghost (amateur DsFi)
  2796 | D:4      | Killed from afar by an orc wizard

Skill      XL: |  1  2  3  4 |
---------------+-------------+-----
Stealth        | 6 |  6.7
Dodging        | 2 3 |  3.1
Short Blades   | 3 |  3.7
Fighting       | 2 |  2.0
Throwing       | |  2.2
Armour         | |  0.8

Action                   |  1- 3 |  4- 6 || total
-------------------------+-------+-------++-------
Melee: Dagger            |    84 |   122 ||   206
 Fire: Blowgun           |     5 |    11 ||    16
 Stab: Sleeping          |    11 |    12 ||    23
       Distracted        |     1 |     1 ||     2
Armor: Robe              |     7 |    17 ||    24
Dodge: Dodged            |    40 |    72 ||   112
